 Dungeon Crawl Stone Soup version 0.27-a0-385-g3208aba (webtiles) character file.

Game seed: 8609749694934968074

120864 MrTaco21 the Warrior (level 16, -2/131 HPs)
             Began as a Gargoyle Fighter on Feb 19, 2021.
             Was the Champion of Qazlal.
             Killed by the raging water
             ... invoked by a water nymph
              (18 damage)
             ... on level 2 of the Shoals.
             The game lasted 01:17:35 (30830 turns).

MrTaco21 the Warrior (Gargoyle Fighter)            Turns: 30830, Time: 01:17:35

Health: -2/131     AC: 35    Str: 26    XL:     16   Next: 83%
Magic:  23/23      EV: 10    Int: 10    God:    Qazlal [******]
Gold:   2585       SH: 17    Dex:  9    Spells: 15/15 levels left

rFire    . . .     SeeInvis +   O - +0 whip (elec)
rCold    + + .     Faith    .   F - +3 warlock's mirror {reflect}
rNeg     + . .     Spirit   .   z - +0 ice dragon scales
rPois    ∞         Reflect  +   S - +1 hat {SInv}
rElec    +         Harm     .   r - +0 cloak
rCorr    .         Rampage  .   L - +1 pair of gloves
Will     +....                  P - +0 pair of boots
Stlth    ..........             q - amulet of Vitality {Regen+ HP+15}
HPRegen  1.31/turn              i - ring of protection from fire
MPRegen  0.18/turn              B - +4 ring of slaying

@: mighty, flying, mesmerised, repel missiles
A: big wings, negative energy resistance 1, electricity resistance, unbreathing,
petrification resistance, miasma immunity, AC +12
a: Stop Flying, Renounce Religion, Upheaval, Elemental Force, Disaster Area


You were on level 2 of the Shoals.
You worshipped Qazlal.
Qazlal was exalted by your worship.
You visited 5 branches of the dungeon, and saw 26 of its levels.

You collected 2733 gold pieces.
You spent 148 gold pieces at shops.

Inventory:

Hand Weapons
 O - a +0 whip of electrocution (weapon)
   (You took it off an orc on level 14 of the Dungeon)
 W - a +2 whip of venom
   (You took it off an orc on level 12 of the Dungeon)
Missiles
 I - 105 poisoned darts (quivered)
Armour
 r - a +0 cloak (worn)
   (You found it on level 3 of the Dungeon)
 z - +0 ice dragon scales (worn)
   (You found it on level 13 of the Dungeon)
 F - the +3 warlock's mirror (worn) {reflect}
   (You found it on level 7 of the Dungeon)
 L - a +1 pair of gloves (worn)
   (You found it on level 8 of the Dungeon)
 P - a +0 pair of boots (worn)
   (You found it on level 10 of the Dungeon)
 S - a +1 hat of see invisible (worn)
   (You took it off Gastronok on level 1 of the Orcish Mines)
Jewellery
 i - a ring of protection from fire (left hand)
   (You found it on level 6 of the Lair of Beasts)
 q - the amulet of Vitality (around neck) {Regen+ HP+15}
   (You acquired it on level 14 of the Dungeon)

   [amulet of regeneration]

   It affects your health (+15).
   It increases your rate of regeneration.
 B - a +4 ring of slaying (right hand)
   (You found it on level 5 of the Dungeon)
 N - a ring of willpower
   (You found it on level 9 of the Dungeon)
Wands
 d - a wand of iceblast (39)
   (You found it on level 6 of the Dungeon)
 u - a wand of paralysis (20)
   (You found it on level 6 of the Lair of Beasts)
 x - a wand of acid (19)
   (You found it on level 3 of the Lair of Beasts)
 C - a wand of charming (9)
   (You found it on level 6 of the Dungeon)
 H - a wand of mindburst (33)
   (You found it on level 7 of the Dungeon)
 J - a wand of polymorph (6)
   (You took it off a tengu on level 8 of the Dungeon)
Scrolls
 b - a scroll of identify {@r1}
 h - 5 scrolls of enchant armour
 n - 4 scrolls of fog
 o - 14 scrolls of teleportation {@r4}
 v - 7 scrolls of enchant weapon
 w - 8 scrolls of amnesia
 y - a scroll of fear
 A - a scroll of blinking
 K - 3 scrolls of immolation {!r}
 Q - a scroll of holy word
 R - a scroll of brand weapon
 T - 3 scrolls of magic mapping
 U - a scroll of silence
Potions
 a - 2 potions of attraction {!q}
 c - 2 potions of ambrosia
 e - 5 potions of brilliance
 f - 11 potions of lignification {!q}
 k - 7 potions of cancellation
 l - 6 potions of curing {@q1}
 m - a potion of heal wounds {@q2}
 p - 4 potions of mutation {!q}
 s - 2 potions of magic
 E - 3 potions of might
 M - a potion of haste {@q3}
 V - 2 potions of resistance
Miscellaneous
 G - a phantom mirror
   (You found it on level 4 of the Lair of Beasts)


   Skills:
 + Level 18.8 Fighting
 - Level 12.0 Maces & Flails
 - Level 16.5 Armour
 - Level 12.0 Shields
 + Level 9.6 Invocations


You had 15 spell levels left.
You didn't know any spells.
Your spell library contained the following spells:

 Spells                   Type           Power        Failure   Level
 Animate Skeleton         Necr           0%           58%         1
 Apportation              Tloc           0%           58%         1
 Corona                   Hex            0%           58%         1
 Freeze                   Ice            0%           58%         1
 Magic Dart               Conj           0%           58%         1
 Pain                     Necr           0%           58%         1
 Summon Small Mammal      Summ           0%           58%         1
 Blink                    Tloc           N/A          73%         2
 Call Imp                 Summ           0%           73%         2
 Slow                     Hex            0%           73%         2
 Conjure Flame            Conj/Fire      0%           91%         3
 Frozen Ramparts          Ice            0%           91%         3
 Gell's Gravitas          Tloc           0%           91%         3
 Inner Flame              Hex/Fire       0%           91%         3
 Mephitic Cloud           Conj/Pois/Air  0%           91%         3
 Ozocubu's Armour         Ice            0%           91%         3
 Portal Projectile        Hex/Tloc       0%           91%         3
 Vampiric Draining        Necr           0%           91%         3
 Animate Dead             Necr           0%           100%        4
 Cause Fear               Hex            0%           100%        4
 Hailstorm                Conj/Ice       0%           100%        4
 Leda's Liquefaction      Hex/Erth       0%           100%        4
 Manifold Assault         Tloc           0%           100%        4
 Passage of Golubria      Tloc           N/A          100%        4
 Summon Ice Beast         Ice/Summ       0%           100%        4
 Agony                    Necr           0%           100%        5
 Dispersal                Tloc           0%           100%        6
 Disjunction              Tloc           0%           100%        8


Dungeon Overview and Level Annotations

Branches:
Dungeon (15/15)            Temple (1/1) D:7            Lair (6/6) D:10
 Shoals (2/4) Lair:3       Spider (0/4) Lair:2        Slime (0/5) Lair:6
    Orc (2/2) D:9             Elf (0/3) Orc:2        Vaults (0/5) D:13
 Depths (0/5) D:15

Altars:
Ashenzari
Cheibriados
Dithmenos
Elyvilon
Fedhas
Gozag
Hepliaklqana
Kikubaaqudgha
Makhleb
Nemelex Xobeh
Okawaru
Qazlal
Ru
Sif Muna
Trog
Uskayaw
Vehumet
Wu Jian
Xom
Yredelemnul
The Shining One

Shops:
D:4 *   D:6 [   D:7 ([*   D:13 :   Orc:2 [*(:

Portals:
Trove: D:11 (give +7 demon whip)

Annotations:
Lair:3 exclusion: ice statue
Lair:6 exclusion: oklob plant


Innate Abilities, Weirdness & Mutations

You are resistant to torment.
Your stone body is resilient. (AC +12)
You are immune to poison.
Your large and strong wings let you fly indefinitely.
You resist negative energy. (rN+)
You are resistant to electric shocks. (rElec)
You can survive without breathing.
You are immune to petrification.
You are immune to miasma.


Message History

The stone hits the faun!
You kill the faun!
Qazlal accepts your kill.
You hear a splash. x3
There is a stone staircase leading up here.
The pull of its song draws you forwards.
The merfolk avatar chants its luring song.
The water nymph gestures at you while chanting.
The water rises up and strikes you.
The faun hits the plant with a +0 club!
The plant begins to die.
You whack the sea snake! The sea snake misses you.
You closely miss the sea snake.
The faun hits the plant with a +0 club!!
The plant begins to die.
The merfolk avatar chants its luring song.
The sea snake bites you!
* * * LOW HITPOINT WARNING * * *
You feel much better.
The merfolk avatar chants its luring song.
The sea snake bites you but does no damage.
The faun splashes around in the water.
The water nymph gestures at you while chanting.
The water rises up and strikes you!
* * * LOW HITPOINT WARNING * * *
You whack the sea snake!
Lightning courses through the sea snake!
Unknown command.
You whack the sea snake! You block the sea snake's attack.
The merfolk avatar chants its luring song.
The faun hits the plant with a +0 club.
Unknown command.
You whack the sea snake!
Lightning courses through the sea snake!
You kill the sea snake!
Qazlal accepts your kill.
A nearby plant withers and dies.
The merfolk avatar chants its luring song.
The water nymph casts a spell at you. The water rises up and strikes you!
* * * LOW HITPOINT WARNING * * *
The water nymph's watery aura covers the stone staircase leading up.
The water nymph casts a spell at you. The water rises up and strikes you!
* * * LOW HITPOINT WARNING * * *
The merfolk avatar chants its luring song.
The faun hits the plant with a +0 club.
The plant begins to die.
You whack the merfolk avatar! The water nymph casts a spell at you.
The water rises up and strikes you!!
You die...

≈≈≈≈≈≈≈≈≈≈≈≈≈≈........P.
≈≈≈≈≈≈≈≈≈≈≈≈≈.........P.
≈≈≈≈≈≈≈≈≈cP≈≈.≈≈≈≈≈....$
≈≈≈≈≈≈≈≈PPP†≈≈≈≈........
≈≈≈≈≈≈≈≈)P≈≈≈m≈≈≈.......
≈≈≈≈≈≈≈≈P.≈≈≈≈≈≈≈.<..≈.≈
≈≈≈≈≈≈≈≈.P≈≈§§○)≈....≈≈≈
≈≈≈≈≈≈≈≈PP≈≈≈≈°°§≈.≈≈≈≈≈
≈≈≈≈≈≈≈≈≈≈≈≈≈≈m§@m≈≈≈≈≈≈
≈≈≈≈≈≈≈≈≈§≈≈≈☼≈≈≈≈.
≈≈≈P≈≈≈≈≈☼.≈☼≈≈≈≈..
≈≈≈≈≈≈≈≈≈≈≈≈≈<≈≈≈..
≈≈≈≈≈≈≈≈≈≈≈≈≈≈≈≈...
≈≈≈≈≈≈≈≈≈≈≈≈≈≈≈≈...
≈≈≈≈≈≈≈..≈...≈≈...
≈≈≈≈≈≈≈≈..........


You could see a merfolk avatar (mesmerising), a faun and 2 water nymphs.

Vanquished Creatures
  Gastronok (Orc:1)
  A tengu reaver (D:14)
  An orc warlord (Orc:1)
  The ghost of Kisimm the Fighter, a journeyman OgIE of Okawaru (D:14)
  Nessos (D:13)
  The ghost of Qiar the Fighter, a journeyman DsGl of Cheibriados (Lair:4)
  A fire dragon (Lair:6)
  The ghost of Ologug the Spear-Bearer, a journeyman OpFi of Okawaru (Lair:3)
  The ghost of Caerwyn the Slicer, a journeyman VSWr of Gozag (Lair:1)
  An ice dragon (D:13)
  7 hydras
  2 yaktaur captains
  An ogre mage (D:15)
  A boulder beetle (D:13)
  3 centaur warriors
  A merfolk avatar (Shoals:1)
  7 two-headed ogres
  Erica (D:8)
  A merfolk aquamancer (Shoals:1)
  4 tengu warriors (D:15)
  9 death yaks
  Urug (Lair:3)
  2 orc high priests
  An iron troll (D:13)
  Sonja (D:12)
  A skeletal warrior (D:11)
  5 sea snakes
  4 unseen horrors
  2 lindwurms
  Pikel (D:7)
  3 orc knights
  A deep elf pyromancer (D:14)
  3 harpies (Shoals:1)
  4 orc sorcerers (Orc:2)
  A faun (Shoals:2)
  11 ugly things
  5 cyclopes
  5 elephants (Lair:4)
  3 water nymphs (Shoals:1)
  7 manticores
  4 merfolk sirens
  2 gargoyles
  7 black mambas
  7 cane toads
  3 molten gargoyles (Lair:6)
  A yaktaur (shapeshifter) (D:14)
  4 kobold demonologists
  10 rime drakes
  A yaktaur (D:15)
  An efreet (D:14)
  11 komodo dragons
  6 merfolk
  2 wind drakes (Shoals:2)
  A jumping spider (Lair:2)
  4 polar bears
  9 trolls
  A hornet (D:15)
  10 slime creatures
  12 blink frogs
  2 snapping turtles (Shoals:1)
  6 dream sheep (Lair:6)
  A shadow (D:14)
  3 water elementals (Shoals:1)
  A wraith (D:13)
  17 wyverns
  5 steam dragons
  Grum (D:8)
  52 yaks
  20 basilisks
  5 wargs
  2 acid dragons
  9 water moccasins
  2 soldier ants
  5 hell hounds (Lair:6)
  45 orc warriors
  3 black bears
  7 ice beasts
  9 sky beasts
  A tengu (D:8)
  2 necrophages
  An eye of draining (D:14)
  25 wolves
  12 ogres
  2 phantoms
  9 centaurs
  3 lemures
  Blork the orc (D:6)
  8 kobold brigands
  3 gnoll sergeants (D:6)
  25 bullfrogs
  A water moccasin zombie (D:8)
  2 wyvern skeletons
  5 scorpions
  A water moccasin skeleton (D:10)
  19 killer bees
  13 wights
  A howler monkey (D:13)
  A bullfrog zombie (D:10)
  A crimson imp (D:6)
  5 lava snakes (Lair:6)
  6 centaur zombies
  13 hounds
  2 quasits
  3 bullfrog skeletons
  22 orc priests
  3 centaur skeletons
  5 jellies
  3 gnoll shamans
  6 iguanas
  25 orc wizards
  9 worker ants
  6 hell rats
  2 killer bee zombies
  3 hound skeletons
  2 howler monkey zombies (D:7)
  2 worker ant zombies
  Robin (D:4)
  44 gnolls
  17 adders
  A howler monkey skeleton (D:5)
  A river rat (D:10)
  A shadow imp (D:6)
  4 white imps
  An ufetubus (D:9)
  2 oozes (D:6)
  An adder zombie (D:5)
  3 adder skeletons
  A worm (D:2)
  A dart slug (D:1)
  6 leopard geckos
  120 orcs
  2 ball pythons
  6 bats
  5 giant cockroaches
  2 gnoll zombies (D:5)
  10 hobgoblins
  24 jackals
  22 kobolds
  5 quokkas
  5 frilled lizards
  20 goblins
  A leopard gecko skeleton (D:7)
  2 quokka skeletons
  A quokka zombie (D:8)
  10 rats
971 creatures vanquished.

Vanquished Creatures (others)
  A black mamba (Lair:6)
  An orc priest (Orc:1)
  An orc wizard (D:10)
  A bush (Lair:4)
  38 fungi
  38 plants
80 creatures vanquished.

Grand Total: 1051 creatures vanquished

Notes
Turn   | Place    | Note
-------+----------+-------------------------------------------
     0 | D:1      | MrTaco21 the Gargoyle Fighter began the quest for the Orb.
     0 | D:1      | Reached XP level 1. HP: 14/14 MP: 1/1
   133 | D:1      | Reached XP level 2. HP: 19/19 MP: 2/2
   756 | D:2      | Reached XP level 3. HP: 19/23 MP: 3/3
  1128 | D:2      | Found a stormy altar of Qazlal.
  1216 | D:2      | Became a worshipper of Qazlal Stormbringer
  1272 | D:2      | Noticed an ogre
  1278 | D:2      | Killed an ogre
  1279 | D:2      | Reached skill level 5 in Maces & Flails
  1279 | D:2      | Reached XP level 4. HP: 16/28 MP: 4/4
  1279 | D:2      | Reached XP level 5. HP: 18/32 MP: 5/5
  1468 | D:2      | Found a shadowy altar of Dithmenos.
  1468 | D:2      | Found a broken altar of Ashenzari.
  2069 | D:3      | Reached XP level 6. HP: 27/37 MP: 6/6
  2314 | D:3      | Reached * piety under Qazlal
  2585 | D:3      | Found a snail-covered altar of Cheibriados.
  2972 | D:4      | Found Zamuduw's Assorted Antiques.
  3036 | D:4      | Got an iridescent spear
  3106 | D:4      | Reached XP level 7. HP: 29/41 MP: 7/7
  3360 | D:4      | Reached ** piety under Qazlal
  3542 | D:4      | Noticed Robin
  3586 | D:4      | Killed Robin
  3759 | D:5      | Entered Level 5 of the Dungeon
  4214 | D:5      | Found a snail-covered altar of Cheibriados.
  4430 | D:5      | Found a sparkling altar of Nemelex Xobeh.
  4505 | D:5      | Found a basalt altar of Yredelemnul.
  4740 | D:5      | Found a glowing golden altar of the Shining One.
  4787 | D:5      | Reached XP level 8. HP: 42/46 MP: 8/8
  5378 | D:6      | Found Wasmoal's Antique Armour Boutique.
  5432 | D:6      | Reached *** piety under Qazlal
  5433 | D:6      | Reached skill level 10 in Maces & Flails
  5637 | D:6      | Reached XP level 9. HP: 51/51 MP: 9/9
  5644 | D:6      | Noticed Blork the orc
  5664 | D:6      | Killed Blork the orc
  5748 | D:6      | Noticed a two-headed ogre
  6374 | D:6      | Reached **** piety under Qazlal
  6378 | D:6      | Reached skill level 4 in Fighting
  6450 | D:7      | Found the +3 warlock's mirror {reflect}
  6592 | D:6      | Found a shimmering altar of Xom.
  6593 | D:6      | Found a burning altar of Makhleb.
  6689 | D:6      | Found an ancient bone altar of Kikubaaqudgha.
  6789 | D:6      | Killed a two-headed ogre
  6790 | D:6      | Reached skill level 6 in Fighting
  6790 | D:6      | Reached XP level 10. HP: 60/60 MP: 10/10
  7019 | D:7      | Noticed Pikel
  7175 | D:7      | Found a staircase to the Ecumenical Temple.
  7299 | D:7      | Found Ithedy's Armour Shop.
  7362 | D:7      | Killed Pikel
  7363 | D:7      | Reached skill level 7 in Fighting
  7363 | D:7      | Reached skill level 5 in Armour
  7517 | D:7      | Found Haanoh's Assorted Antiques.
  7956 | D:7      | Found Ruonueko's Antique Weapon Shoppe.
  7995 | D:7      | Bought a runed whip for 148 gold pieces
  8014 | Temple   | Entered the Ecumenical Temple
  8177 | D:8      | Noticed Psyche
  8305 | D:8      | Noticed Erica
  8351 | D:8      | Killed Erica
  8352 | D:8      | Reached skill level 8 in Fighting
  8398 | D:8      | Noticed Psyche
  8398 | D:8      | Psyche changed into Psyche the tengu
  8407 | D:8      | Killed Psyche the tengu
  8407 | D:8      | Reached ***** piety under Qazlal
  8567 | D:8      | Found an ornate altar of the Wu Jian Council.
  8645 | D:8      | Noticed Grum
  8674 | D:8      | Reached XP level 11. HP: 69/69 MP: 11/11
  8696 | D:8      | Killed Grum
  9060 | D:9      | Reached skill level 9 in Fighting
  9172 | D:9      | Found a shimmering blue altar of Sif Muna.
  9410 | D:9      | Found a staircase to the Orcish Mines.
  9581 | D:10     | Entered Level 10 of the Dungeon
  9581 | D:10     | Noticed a death yak
  9672 | D:10     | Noticed an unseen horror
  9672 | D:10     | Noticed a two-headed ogre
  9705 | D:10     | Killed a two-headed ogre
  9722 | D:10     | Killed an unseen horror
  9884 | D:10     | Reached skill level 10 in Fighting
 10499 | D:10     | Noticed a death yak
 10502 | D:10     | Noticed a death yak
 10534 | D:10     | Killed a death yak
 10539 | D:10     | Reached ****** piety under Qazlal
 10569 | D:10     | Killed a death yak
 10576 | D:10     | Reached skill level 11 in Fighting
 10603 | D:10     | Killed a death yak
 10604 | D:10     | Reached skill level 10 in Armour
 10604 | D:10     | Reached XP level 12. HP: 63/80 MP: 12/12
 10651 | D:10     | Found a staircase to the Lair.
 11249 | D:11     | Found a portal to a secret trove of treasure.
 11765 | D:11     | Reached skill level 12 in Fighting
 12006 | D:12     | Noticed Sonja
 12022 | D:12     | Noticed a seven-headed hydra
 12543 | D:12     | Got an encrusted trident
 12697 | Orc:1    | Entered Level 1 of the Orcish Mines
 12713 | Orc:1    | Noticed Gastronok
 12928 | Orc:1    | Killed Gastronok
 12929 | Orc:1    | Reached skill level 13 in Fighting
 13274 | Orc:1    | Reached XP level 13. HP: 75/88 MP: 13/13
 13674 | Orc:2    | Entered Level 2 of the Orcish Mines
 13674 | Orc:2    | Found Cuprun Dotu's Antique Weapon Boutique.
 13967 | Orc:2    | Found Baoppex's Antique Armour Emporium.
 14157 | Orc:2    | Noticed an orc warlord
 14236 | Orc:1    | Killed an orc warlord
 14237 | Orc:1    | Reached skill level 14 in Fighting
 14796 | Orc:2    | Found a staircase to the Elven Halls.
 14951 | Orc:2    | Found Jooklul's Book Boutique.
 14977 | Orc:2    | Found Yssenk's General Store.
 15558 | Lair:1   | Entered Level 1 of the Lair of Beasts
 16057 | Lair:1   | Found a runed translucent door.
 16059 | Lair:1   | Noticed Caerwyn's ghost (journeyman VSWr)
 16442 | Lair:1   | Killed Caerwyn's ghost
 16600 | Lair:2   | Reached skill level 15 in Fighting
 16629 | Lair:2   | Found a hole to the Spider Nest.
 16748 | Lair:2   | Gained mutation: Your large and strong wings let you fly
                  | indefinitely. [Gargoyle growth]
 16748 | Lair:2   | Reached XP level 14. HP: 98/98 MP: 14/14
 17114 | Lair:2   | You fall into a shaft and drop 1 floor!
 17258 | Lair:3   | Found a staircase to the Shoals.
 17336 | Lair:3   | Noticed Urug
 17362 | Lair:3   | Killed Urug
 17911 | Lair:3   | Reached skill level 15 in Armour
 18377 | Lair:3   | Found a runed translucent gate.
 18377 | Lair:3   | Found a runed translucent gate.
 18377 | Lair:3   | Found a runed translucent gate.
 18377 | Lair:3   | Noticed Ologug's ghost (journeyman OpFi)
 18798 | Lair:3   | Killed Ologug's ghost
 19179 | Lair:4   | You are sucked into a shaft and drop 2 floors!
 19179 | Lair:6   | Entered Level 6 of the Lair of Beasts
 19238 | Lair:6   | Reached skill level 16 in Fighting
 20958 | Lair:4   | Reached XP level 15. HP: 96/106 MP: 15/15
 20980 | Lair:4   | Reached skill level 17 in Fighting
 21114 | Lair:4   | Reached skill level 1 in Invocations
 21322 | Lair:4   | Found a large runed translucent door.
 21323 | Lair:4   | Found a large runed translucent door.
 21323 | Lair:4   | Noticed Qiar's ghost (journeyman DsGl)
 21768 | Lair:4   | Killed Qiar's ghost
 21838 | Lair:4   | Got a steaming chain mail
 21841 | Lair:4   | Identified the +0 chain mail of Impressiveness {rN+} (You
                  | found it on level 4 of the Lair of Beasts)
 22573 | Lair:6   | Found a staircase to the Slime Pits.
 22703 | Lair:6   | Found a large runed translucent door.
 22774 | Lair:6   | Found a large runed translucent door.
 24084 | D:12     | Killed Sonja
 24148 | D:12     | Reached skill level 5 in Invocations
 24615 | D:13     | Noticed Nessos
 24653 | D:13     | Killed Nessos
 24719 | D:13     | Found Amylela's Book Shoppe.
 24843 | D:13     | Reached skill level 10 in Shields
 25704 | D:13     | Found a gate to the Vaults.
 25939 | D:13     | Got a dazzling quarterstaff
 26391 | D:14     | Reached skill level 18 in Fighting
 26391 | D:14     | Reached XP level 16. HP: 114/114 MP: 14/20
 26426 | D:14     | Found a transporter.
 26426 | D:14     | Noticed Kisimm's ghost (journeyman OgIE)
 26426 | D:14     | Noticed a tengu reaver
 26431 | D:14     | Found a transporter.
 26944 | D:14     | Identified a scroll of acquirement
 26956 | D:14     | Acquired the amulet of Vitality {Regen+ HP+15}
 26957 | D:14     | Found the amulet of Vitality {Regen+ HP+15}
 27753 | D:14     | Killed a tengu reaver
 27840 | D:14     | Killed Kisimm's ghost
 28071 | D:15     | Entered Level 15 of the Dungeon
 28194 | D:15     | Found a staircase to the Depths.
 28413 | D:15     | Found a glowing golden altar of the Shining One.
 29373 | Shoals:1 | Entered Level 1 of the Shoals
 30830 | Shoals:2 | Killed from afar by a water nymph

Illustrated notes

Levels and vault maps discovered:
D:1:      minmay_arrival_four_houses, layout_loops_ring,
          amcnicky_mini_corridor_feature
D:2:      layout_loops_corners, lemuel_crystal_altar, grunt_temple_overflow_open
D:3:      layout_rooms, marbit_many_paths, minmay_misc_feat_enclosed,
          minivault_11
D:4:      kennysheep_goblin_castle, layout_rooms, serial_shops, shop_statue
D:5:      layout_basic, lemuel_zombie_altar_yredelemnul,
          lemuel_coloured_pillars_altar, nemelex_altar_shiori,
          cheibriados_altar_1
D:6:      minmay_cornered_nines, layout_cave_pools,
          grunt_temple_overflow_champion_of_chaos,
          nicolae_overflow_hidden_temple, kiku_gazebo_pond_becter,
          serial_gnoll_camp, gnoll_camp_mini_loothouse,
          gnoll_camp_mini_doghouse, gnoll_camp_mini_doghouse,
          gnoll_camp_medium_02, gnoll_camp_mini_shop, gnoll_camp_huts_basic,
          uniq_blork_the_orc
D:7:      layout_cave_pods, temple_fountains, serial_shops,
          nicolae_shop_statue_plus, shop, kennysheep_windowed_goal, uniq_pikel
D:8:      layout_rooms, nicolae_overflow_crystal_walls, uniq_grum, uniq_psyche,
          uniq_erica
D:9:      layout_cross, lemuel_blue_sif_altar, david_orc_4
D:10:     layout_loops_corners, dpeg_lair_monsters
D:11:     layout_grid_maze, enter_trove_2, minmay_misc_feat_four_crosses
D:12:     cheibrodos_fzero, layout_long_grid, minmay_misc_feat_more_columns,
          uniq_sonja
D:13:     layout_small_grid, david_vaults_4, serial_shops, shop, uniq_nessos
D:14:     layout_loops_corners, special_room [special_room_orc],
          gammafunk_ghost_arena, portal_ice_cave_entry_pillars_1, minivault_21,
          eino_tiny_chamber
D:15:     grunt_enter_depths_snipers, layout_basic, tso_metal_star
Temple:   nicolae_temple_figure_zero
Lair:1:   layout_chaotic_city, ebering_ghost_reflecting_pool, st_stairs_10
Lair:2:   layout_regular_city, spider_nest_entry_a, grunt_megastairs_1,
          infiniplex_staircase_pool_2
Lair:3:   layout_cave_pods, elwin_shoals_entry_stream,
          ebering_ghost_rock_garden, ice2_lemuel, uniq_urug
Lair:4:   layout_cave_pods, special_room [special_room_mythical_zoo],
          ebering_ghost_disaster_area, infiniplex_staircase_pool
Lair:5:   layout_loops_ring, serial_bayou_shore_b, lemuel_fruit_fields
Lair:6:   cheibrodos_lair_end_hotspot, layout_hall_layers,
          minmay_slime_entry_oklob_enclosed
Shoals:1: layout_shoals
Shoals:2: layout_shoals, ebering_ghost_xom, nicolae_shoals_arrival_archipelago
Orc:1:    layout_caves, minmay_orc_barracks, uniq_gastronok
Orc:2:    grunt_orc_gardens, layout_caves, grunt_orc_garden, grunt_orc_garden,
          grunt_orc_garden, grunt_orc_garden

Skill      XL: |  1  2  3  4  5  6  7  8  9 10 11 12 13 14 15 16 |
---------------+-------------------------------------------------+-----
Maces & Flails | 3 5 6 7 9 11 12 | 12.0
Fighting       | 6 8 11 13 15 16 18 | 18.8
Shields        | 6 7 8 10 12 | 12.0
Armour         | 6 10 12 14 16 | 16.5
Invocations    | 6 9 |  9.6

Action                   |  1- 3 |  4- 6 |  7- 9 | 10-12 | 13-15 | 16-18 || total
-------------------------+-------+-------+-------+-------+-------+-------++-------
Melee: Flail             |   112 |   191 |   275 |       |       |       ||   578
       Whip              |       |       |   247 |  1363 |  2660 |   664 ||  4934
Throw: Throwing net      |       |       |     2 |       |       |       ||     2
       Dart              |       |       |       |       |     3 |       ||     3
 Abil: Fly               |       |       |       |       |     1 |       ||     1
  Use: Scroll            |       |       |       |    10 |    13 |     6 ||    29
       Potion            |       |       |       |       |       |     6 ||     6
 Stab: Paralysed         |       |       |       |       |     1 |       ||     1
       Petrified         |       |       |       |       |    25 |       ||    25
       Petrifying        |       |       |       |       |     4 |       ||     4
       Confused          |       |       |       |       |       |     1 ||     1
Armor: Scale mail        |    55 |   108 |   263 |    80 |       |       ||   506
       Chain mail        |       |       |       |    70 |       |       ||    70
       Plate armour      |       |       |       |   124 |   760 |       ||   884
       Ice dragon scales |       |       |       |       |    29 |   225 ||   254
Dodge: Dodged            |    49 |    79 |   163 |   215 |   398 |   121 ||  1025
       Repelled          |       |       |       |     4 |    12 |     3 ||    19
Block: Kite shield       |    74 |   120 |   392 |       |       |       ||   586
       Buckler           |       |       |       |   633 |  1378 |   354 ||  2365
       Reflection        |       |       |       |    20 |    75 |    29 ||   124

Table legend: (Time is in decaauts)
 A = Elapsed time spent in this place.
 B = Non-inter-level travel time spent in this place.
 C = Inter-level travel time spent in this place.
 D = Time resting spent in this place.
 E = Time spent auto-exploring this place.
 F = Levels seen in this place.
 G = Mean time per level.
                   A        B        C        D        E       F      G
               +--------+--------+--------+--------+--------+-----+--------+
         Total |  28629 |  25447 |   3182 |   2220 |  16642 |  26 | 1101.1 |
       Dungeon |  17363 |  15039 |   2324 |   1012 |   9819 |  15 | 1157.5 |
        Temple |    123 |    114 |      9 |      0 |    113 |   1 |  123.0 |
          Lair |   7442 |   6926 |    516 |    645 |   4762 |   6 | 1240.3 |
        Shoals |   1369 |   1273 |     96 |    342 |    685 |   2 |  684.5 |
  Orcish Mines |   2330 |   2093 |    237 |    221 |   1263 |   2 | 1165.0 |
               +--------+--------+--------+--------+--------+-----+--------+

Top non-repeatable levels by time:
  Lair:6: 2083 daAuts
    D:14: 1815 daAuts
     D:5: 1752 daAuts
  Lair:3: 1501 daAuts
    D:10: 1404 daAuts
     D:2: 1317 daAuts
   Orc:1: 1316 daAuts
     D:6: 1312 daAuts
  Lair:4: 1312 daAuts
Shoals:1: 1307 daAuts
    D:11: 1292 daAuts
    D:13: 1246 daAuts
     D:7: 1198 daAuts
    D:12: 1121 daAuts
   Orc:2: 1013 daAuts
